AoeStats
← 欢乐小菜鸟

African Clearing

507006622Analyzed
4v4 RM · 16d ago on Sep 16, 2026· 44m 4s· 8 players
Game mode
Random Map
Map size
Large (8 player)
Population
200
Speed
Normal
Resources
Standard
Victory
Conquest
Starting age
Dark Age
Ending age
Imperial Age
RankedLock teamsTeams togetherTeam positionsShared explorationLock speedFull tech treeHidden civsTurbo modeCheats
Victory
Defeat
🇦🇷 Britons · Argentina
1041
+13
🇲🇽 Spanish · Mexico
969
+16
🇺🇸 Ethiopians · United States
935
+18
🇦🇷 Persians · Argentina
878
+21
🇺🇸 Franks · United States
1024
-19
🇨🇳 Franks · China
990
-18
🇹🇼 Persians · Taiwan
967
-17
🇫🇷 Berbers · France
903
-14
Tersicox
8:53 Loom
14:48 Feudal Age
19:59 Castle Age
18:26 Stone Mining
18:27 Double-Bit Axe
19:47 Gold Mining
21:47 Bow Saw
24:24 Stone Shaft Mining
30:47 Wheelbarrow
30:00 Town Watch
32:12 Husbandry
37:07 Imperial Age
38:33 Conscription
39:19 Two-Man Saw
39:44 Hand Cart
39:44 Bloodlines
39:37 Padded Archer Armor
39:21 Horse Collar
40:41 Elite Conquistador
42:04 Leather Archer Armor
43:01 Town Patrol
44:05 Hoardings
Ratchet08
13:58 Feudal Age
13:52 Loom
17:08 Loom
19:29 Castle Age
17:20 Double-Bit Axe
20:40 Bow Saw
22:10 Forging
22:01 Scale Mail Armor
22:03 Squires
21:50 Arson
25:38 Iron Casting
25:19 Chain Mail Armor
26:04 Town Watch
35:44 Imperial Age
34:37 Horse Collar
36:13 Heavy Plow
37:48 Conscription
36:49 Elite Shotel Warrior
38:41 Blast Furnace
38:26 Plate Mail Armor
38:31 Ballistics
39:28 Chemistry
42:03 Town Patrol
_132_Ñandu_Arg
7:40 Loom
14:52 Feudal Age
18:29 Castle Age
17:34 Fletching
18:11 Stone Mining
20:03 Double-Bit Axe
25:43 Bow Saw
28:01 Bodkin Arrow
30:41 Wheelbarrow
30:00 Town Watch
30:55 Padded Archer Armor
32:45 Hand Cart
41:26 Imperial Age
39:48 Gold Mining
41:45 Leather Archer Armor
41:42 Pikeman
43:31 Capped Ram
pepillorodriguez93
4:25 Loom
16:58 Feudal Age
19:23 Gold Mining
19:22 Double-Bit Axe
22:19 Castle Age
21:41 Scale Barding Armor
27:52 Forging
30:58 Light Cavalry
31:41 Husbandry
31:51 Bloodlines
36:22 Wheelbarrow
38:39 Iron Casting
44:06 Imperial Age
SpeakerCorner76
7:59 Loom
15:12 Feudal Age
15:49 Double-Bit Axe
24:04 Castle Age
22:53 Horse Collar
24:52 Wheelbarrow
25:06 Bloodlines
25:16 Pikeman
28:13 Scale Barding Armor
28:18 Forging
aegilello
4:56 Loom
14:29 Feudal Age
19:50 Castle Age
19:52 Wheelbarrow
28:20 Double-Bit Axe
32:31 Imperial Age
30:46 Hand Cart
31:42 Husbandry
31:57 Forging
31:53 Scale Barding Armor
nvda
4:04 Loom
16:11 Feudal Age
20:23 Castle Age
18:48 Double-Bit Axe
18:56 Horse Collar
21:32 Bow Saw
30:33 Stone Mining
32:17 Gold Mining
33:48 Wheelbarrow
33:23 Heavy Plow
33:32 Fletching
34:22 Kamandaran
36:29 Hand Cart
36:27 Crossbowman
37:12 Thumb Ring
40:18 Imperial Age
38:05 Bodkin Arrow
39:06 Gold Shaft Mining
39:06 Stone Shaft Mining
38:20 Town Watch
39:54 Elite Skirmisher
41:16 Padded Archer Armor
42:02 Conscription
42:46 Chemistry
42:06 Ballistics
41:44 Murder Holes
欢乐小菜鸟
Connection lost

Rejoining the realm…

Still unreachable

The connection could not be restored.

Session expired

The server has moved on; the page needs a fresh start.